[Event "*** Titled Tuesday Blitz"]
[Site "Chess.com"]
[Date "2020.04.21"]
[Round "6"]
[White "yoolund"]
[Black "elisak43"]
[Result "1-0"]
[WhiteElo "2552"]
[BlackElo "2389"]
[TimeControl "180+1"]
[EndTime "11:09:33 PDT"]
[Termination "yoolund won by resignation"]

1. d4 Nf6 2. Bg5 e6 3. e4 h6 4. Bxf6 Qxf6 5. c3 d5 6. Nd2 c6 7. Bd3 g6 8. Ne2 Bg7 9. O-O O-O 10. f4 Nd7 11. e5 Qe7 12. g4 Qh4 13. Ng3 c5 14. Kg2 cxd4 15. cxd4 f5 16. h3 Kh8 17. Nf3 Qe7 18. g5 h5 19. Nh4 Qe8 20. Nxh5 gxh5 21.
g6 Bh6 22. Qxh5 Kg7 23. Bxf5 exf5 24. Nxf5+ Rxf5 25. Qxf5 Qxg6+ 26. Qxg6+ Kxg6 27. f5+ Kg7 28. Rae1 Nf8 29. e6 Bg5 30. e7 Bxe7 31. Rxe7+ Kf6 32. Re5 Bd7 33. Rc1 Re8 34. Rxe8 Bxe8 35.
Rc8 Kf7 36. Kg3 Bc6 37. Kf4 Nd7 38. h4 Nf6 39. Rc7+ Kg8 40. Ke5 Ng4+ 41. Ke6 a6 42. f6 Nh6 43. Rc8+ Kh7 44. Rc7+ Kg6 45. Rg7+ Kh5 46. Rh7 Kg6 47. Rxh6+ Kxh6 48. f7 Kg7 49.
Ke7 Kg6 50. f8=Q 1-0

[Event "*** Titled Tuesday Blitz"]
[Site "Chess.com"]
[Date "2020.04.21"]
[Round "6"]
[White "ChelsieMonica"]
[Black "ehrenfeld"]
[Result "1-0"]
[WhiteElo "2322"]
[BlackElo "2447"]
[TimeControl "180+1"]
[EndTime "11:09:33 PDT"]
[Termination "ChelsieMonica won on time"]

1. c4 e5 2. Nc3 Bb4 3. Nf3 Bxc3 4.
dxc3 d6 5. e4 Nf6 6. Bd3 O-O 7.
O-O Nbd7 8. b4 Qe7 9. Nh4 Nb6 10. g3 Bh3 11. Re1 Nfd7 12. a4 a5 13. Be3 Qe6 14. Qe2 axb4 15. cxb4 Nxa4 16. c5 dxc5 17. Bc4 Qe7 18.
bxc5 Naxc5 19. Nf5 Bxf5 20. exf5 Nb6 21. Ba2 Rfd8 22. f6 gxf6 23. Qh5 Ne6 24. Bh6 Kh8 25.
Bb1 f5 26. Qxf5 f6 27. Rxa8 Rxa8 28. f4 Nd4 29. Qe4 Qc5 30. Kh1 Qd5 31. fxe5 Qxe4+ 32. Bxe4 fxe5 33. Bxb7 Ra2 34. Bg5 Kg7 35. Bd8 c6 36.
Bxb6 Nf3 37. Bg1 Nxe1 38. Bxc6 Ra1 39. Be4 Kf6 40. h4 h5 41. Kh2 Ra2+ 42. Kh3 Nc2 43.
Bc5 Nd4 44. Bb6 Re2 45. Bg2 Nf5 46. Bd8+ Kg6 47. Bg5 e4 48. Kh2 e3 49. Kg1 Rb2 50. Be4 Rd2 51. Bxe3 1-0

[Event "*** Titled Tuesday Blitz"]
[Site "Chess.com"]
[Date "2020.04.21"]
[Round "6"]
[White "FeketeBarika"]
[Black "ALeks_Ivlev"]
[Result "0-1"]
[WhiteElo "2281"]
[BlackElo "2524"]
[TimeControl "180+1"]
[EndTime "11:09:35 PDT"]
[Termination "ALeks_Ivlev won by resignation"]

1. Nf3 Nf6 2. g3 b5 3. Bg2 Bb7 4. O-O g6 5. d4 Bg7 6. a4 b4 7. c4 O-O 8. b3 c5 9. Bb2 cxd4 10.
Bxd4 d6 11. Nbd2 Nbd7 12. Rc1 Qc7 13. e4 Nxe4 14. Bxg7 Kxg7 15. Nxe4 Bxe4 16. Qd4+ Nf6 17. Rfe1 Qb7 18. Nh4 Bxg2 19. Nxg2 Rfe8 20. Re3 Rad8 21. Qh4 d5 22. c5 d4 23. Rd3 e5 24. c6 Qc7 25.
Rdd1 Nd5 26. Rc4 Nc3 27. Rd2 a5 28. Ne1 e4 29. Nc2 d3 30. Ne3 h5 31. Qg5 Re5 32.
Qh4 Rd6 33. g4 Rxc6 34. gxh5 Rxh5 35. Rxc6 Qxc6 36. Qg4 Qf6 37. h4 Kh7 38. Ng2 Ne2+ 39.
Kf1 Rf5 40. Rxe2 dxe2+ 41. Qxe2 Qd4 42. Ne3 Rc5 43. Qg4 Qe5 44. Qd7 Qf6 45. Kg2 Qf3+ 46.
Kg1 Rc1+ 47. Nf1 Qf4 48. h5 Qg5+ 49. Kh2 Qxh5+ 50. Kg2 Qf3+ 51. Kg1 Kh6 52. Qd5 Qg4+ 53. Kh2 Rxf1 54. Qd2+ Qg5 0-1

[Event "*** Titled Tuesday Blitz"]
[Site "Chess.com"]
[Date "2020.04.21"]
[Round "6"]
[White "evgenyermolaev"]
[Black "Algeriano22"]
[Result "1-0"]
[WhiteElo "2496"]
[BlackElo "2615"]
[TimeControl "180+1"]
[EndTime "11:09:36 PDT"]
[Termination "evgenyermolaev won by resignation"]

1. e4 e5 2. Nf3 d6 3. d4 exd4 4. Nxd4 Nf6 5. Nc3 Be7 6. Be3 O-O 7. Qd2 d5 8. exd5 Nxd5 9. Nxd5 Qxd5 10. Nb5 Qc6 11.
Nxa7 Qf6 12. Nxc8 Rxc8 13. c3 Rd8 14. Qc2 Qc6 15. Bd3 Qxg2 16. Bxh7+ Kh8 17. Be4 Qg4 18. Bxb7 Ra5 19. Qe4 Qd7 20. O-O c6 21. Rad1 Rd5 22. Rxd5 cxd5 23. Bxd5 Qxd5 24. Qxe7 Nc6 25. Qh4+ Kg8 26.
c4 Qd7 27. Qf4 Re8 28. Kg2 Ne5 29. Bd4 Qc6+ 30. f3 Ng6 31. Qg3 Qxc4 32. Bc3 Qxa2 33. h4 Qd5 34. Rf2 Re3 35. Qg5 Qe6 36. h5 Ne5 37. Qxe3 f6 38. Bxe5 fxe5 39. Re2 e4 40.
Qxe4 Qf6 41. Kf2 Qb6+ 42. Qe3 Qf6 43. Qe6+ Qxe6 44. Rxe6 Kf7 45. Rc6 g5 46. hxg6+ Kg7 47. b4 Kg8 48. Rc7 1-0

[Event "*** Titled Tuesday Blitz"]
[Site "Chess.com"]
[Date "2020.04.21"]
[Round "6"]
[White "grunbergmihai"]
[Black "DenishevM"]
[Result "1-0"]
[WhiteElo "2376"]
[BlackElo "2607"]
[TimeControl "180+1"]
[EndTime "11:09:36 PDT"]
[Termination "grunbergmihai won on time"]

1. Nf3 Nf6 2. c4 d6 3. g3 g6 4. Bg2 Bg7 5. O-O O-O 6. d4 Bf5 7. Nc3 Ne4 8. Qb3 Nxc3 9. bxc3 Bc8 10. e4 Nc6 11. Re1 Na5 12. Qa4 b6 13. c5 dxc5 14. e5 Bb7 15. dxc5 Qd3 16. Re3 Qc4 17. Qb4 Rad8 18. Ba3 Qxb4 19. Bxb4 Nc4 20. cxb6 Nxe3 21. fxe3 axb6 22. Bxe7 Bxf3 23. Bxf3 Bxe5 24. Bxf8 Kxf8 25. Kf2 Rd2+ 26. Be2 Rc2 27. a4 Rxc3 28. a5 Rc5 29. axb6 cxb6 30. Rb1 Rc6 31. Rb5 Bd6 32. Bf3 Rc2+ 33.
Be2 Bc5 34. Rb3 Ra2 35. h3 Kg7 36. Kf3 h5 37. g4 h4 38. g5 Ra1 39. Bc4 Rg1 40.
Rd3 Rg3+ 41. Kf2 Rxg5 42. Rd7 Rf5+ 43. Ke2 g5 44. e4 Rf2+ 45. Kd3 Kg6 46. e5 Rf3+ 47.
Ke4 Rf4+ 48. Kd3 Bg1 49. Rd6+ Kg7 50. Rd7 Bc5 51. e6 Rf3+ 52. Ke4 Rf4+ 53. Kd3 Kf8 54. exf7 b5 55. Rd8+ Kg7 56. Rg8+ 1-0

[Event "*** Titled Tuesday Blitz"]
[Site "Chess.com"]
[Date "2020.04.21"]
[Round "6"]
[White "Piotrek1979"]
[Black "woodhy"]
[Result "1-0"]
[WhiteElo "2444"]
[BlackElo "2279"]
[TimeControl "180+1"]
[EndTime "11:09:36 PDT"]
[Termination "Piotrek1979 won by checkmate"]

1. Nf3 e6 2. g3 b6 3. Bg2 Bb7 4. O-O Nf6 5. d3 c6 6. e4 d6 7. e5 dxe5 8. Nxe5 Nfd7 9. Nc4 Be7 10. Bf4 O-O 11. Nc3 Na6 12. Re1 Nb4 13. Ne4 Nd5 14. Bd6 Ba6 15. Qh5 N7f6 16. Qh4 Bxc4 17. Bxe7 Qxe7 18. dxc4 Nb4 19. Nxf6+ Qxf6 20. Qxf6 gxf6 21.
Re2 Rac8 22. Rd1 Rfd8 23. Rxd8+ Rxd8 24. a3 Rd1+ 25. Bf1 Na6 26. b4 Nc7 27. Kg2 Kf8 28. Re3 Ke7 29. g4 Rd2 30. Bd3 h6 31. Rh3 e5 32.
Kf1 Rd1+ 33. Ke2 Ra1 34. Bf5 Ne6 35. Bxe6 Kxe6 36. Rxh6 Rxa3 37. g5 a5 38. Rxf6+ Ke7 39. Rxc6 axb4 40. Rxb6 Rc3 41. Rxb4 Rxc2+ 42. Ke3 Rc3+ 43.
Ke4 Rc2 44. Rb7+ Ke6 45. Rb6+ Ke7 46. Kxe5 Re2+ 47. Kd5 Rxf2 48. h4 Rf4 49. Rb7+ Ke8 50. h5 Rf5+ 51. Kd6 Kf8 52. h6 Kg8 53. c5 Rxg5 54.
c6 Rg6+ 55. Kd7 Rxh6 56. c7 Kg7 57. c8=Q Re6 58. Qc3+ Kg6 59. Qg3+ Kf6 60. Qf4+ Kg6 61. Rb8 Kg7 62. Qg5+ Rg6 63. Qe5+ f6 64. Qe7+ Kh6 65.
Rh8+ Kg5 66. Qe3+ Kf5 67. Qf3+ Ke5 68. Re8+ Kd4 69. Re4+ Kc5 70. Qf5+ Kb6 71. Rb4+ Ka6 72. Qb5+ Ka7 73. Ra4# 1-0

[Event "*** Titled Tuesday Blitz"]
[Site "Chess.com"]
[Date "2020.04.21"]
[Round "6"]
[White "kingnb"]
[Black "albi1999"]
[Result "0-1"]
[WhiteElo "2449"]
[BlackElo "2604"]
[TimeControl "180+1"]
[EndTime "11:09:37 PDT"]
[Termination "albi1999 won by resignation"]

1. e4 e5 2. Nf3 Nc6 3. Bc4 Bc5 4. c3 Nf6 5. d4 exd4 6. e5 d5 7.
Bb5 Ne4 8. cxd4 Bb6 9. Nc3 O-O 10.
Be3 Bg4 11. h3 Bh5 12. Qb3 Bxf3 13. gxf3 Nxf2 14. Bxf2 Nxd4 15. Bxd4 Qh4+ 16. Ke2 Bxd4 17. Raf1 c6 18. Bd3 Bxe5 19. Kd1 b5 20. Kc1 a5 21.
Ne2 a4 22. Qc2 a3 23. b3 c5 24. f4 Bf6 25. Bf5 c4 26. Kb1 d4 27. Nc1 d3 28.
Qf2 Qh5 29. Bg4 Qg6 30. f5 Qh6 31. h4 Rad8 32. Rd1 Bd4 33. Qg2 Qd6 34. Nxd3 cxd3 35. Rxd3 Qc5 36. Rhd1 h6 37. Bh3 Bf6 38. Rxd8 Rxd8 39. Rxd8+ Bxd8 40. f6 Bxf6 41. Qa8+ Kh7 42. Qe4+ g6 43. Qc2 Qg1+ 44. Qc1 Qd4 45. Bf1 Qa1+ 46.
Kc2 Qxa2+ 47. Kd3 Qxb3+ 48. Ke4 Qe6+ 49. Kf3 Qe5 50. Kg2 Qc3 51. Qb1 Qb2+ 52. Qxb2 Bxb2 0-1

[Event "*** Titled Tuesday Blitz"]
[Site "Chess.com"]
[Date "2020.04.21"]
[Round "6"]
[White "wnstop"]
[Black "Usurpov"]
[Result "1-0"]
[WhiteElo "2600"]
[BlackElo "2437"]
[TimeControl "180+1"]
[EndTime "11:09:38 PDT"]
[Termination "wnstop won by resignation"]

1. e4 c5 2. Nf3 e6 3. d4 cxd4 4. Nxd4 Nf6 5. Nc3 Nc6 6. Ndb5 d6 7. Bf4 e5 8. Bg5 a6 9. Na3 Be6 10. Nc4 Rb8 11. a4 Nb4 12. Be2 Be7 13. Bxf6 Bxf6 14. Nxd6+ Ke7 15. Nf5+ Bxf5 16. exf5 Qxd1+ 17. Bxd1 Rhd8 18. Ne4 Rbc8 19. c3 Nd3+ 20. Ke2 Nf4+ 21. Kf1 b6 22. g3 Nd3 23. Be2 Nxb2 24. Bxa6 Rb8 25. Kg2 g6 26.
fxg6 hxg6 27. h4 Bg7 28. h5 f5 29. Ng5 Bh6 30. Nf3 e4 31. Nd4 Kf6 32. hxg6 Kxg6 33. Nc6 e3 34. Nxb8 Rxb8 35. fxe3 Rd8 36. Rhf1 Bxe3 37.
Rae1 Bc5 38. Re2 Nxa4 39. Rf3 Rd7 40. Bc8 Rd5 41. Be6 Rd6 42. Bxf5+ Kg5 43. Bc2 b5 44. Rf5+ Kg4 45. Rf4+ Kg5 46. Bxa4 bxa4 47. Re5+ Kg6 48. Rxc5 Rd2+ 49. Kh3 a3 50. Ra5 a2 51. Ra6+ Kg5 52.
Rfa4 Rd6 53. R6a5+ 1-0

[Event "*** Titled Tuesday Blitz"]
[Site "Chess.com"]
[Date "2020.04.21"]
[Round "6"]
[White "JoakimVonAnd"]
[Black "Incognito_Knight"]
[Result "0-1"]
[WhiteElo "2516"]
[BlackElo "2735"]
[TimeControl "180+1"]
[EndTime "11:09:39 PDT"]
[Termination "Incognito_Knight won by resignation"]

1. d4 d5 2. c4 e6 3. Nc3 a6 4.
cxd5 exd5 5. Bf4 Nf6 6. e3 Bd6 7. Bg3 O-O 8. Nf3 Bf5 9. Bd3 Bxd3 10. Qxd3 c6 11. O-O Bxg3 12. hxg3 Nbd7 13. Rfc1 Re8 14.
Ne2 Ne4 15. b4 Nb6 16. a4 Nc4 17. Rab1 Qf6 18. Nc3 b5 19. a5 g5 20. Qd1 Nxf2 21. Kxf2 Nxe3 22. Qd3 g4 23. Rh1 h6 24. Rh4 gxf3 25. gxf3 Re6 26. Rbh1 Rae8 27. Ne2 Qf5 28. Nf4 Qxd3 29. Nxd3 Nf5 30. Rg4+ Kf8 31. Nf4 Re3 32. Rh5 Nxd4 33. Rxh6 Rxf3+ 34. Kg2 Rb3 35. Rh8+ Ke7 36. Nxd5+ cxd5 37. Rxe8+ Kxe8 38. Rxd4 Ke7 39. Rxd5 Rxb4 40.
Rc5 Ra4 41. Rc7+ Kf8 42. Kf3 Rxa5 43. Kf4 b4 44. Rb7 Rb5 45. Rc7 b3 46. Rc1 b2 47. Rb1 a5 48. Ke3 a4 49. Kd2 a3 50.
Kc2 Kg7 51. g4 Kg6 52. g5 a2 53. Rg1 b1=Q+ 0-1

[Event "*** Titled Tuesday Blitz"]
[Site "Chess.com"]
[Date "2020.04.21"]
[Round "6"]
[White "Witik"]
[Black "Cubitas"]
[Result "1-0"]
[WhiteElo "2701"]
[BlackElo "2508"]
[TimeControl "180+1"]
[EndTime "11:09:39 PDT"]
[Termination "Witik won by checkmate"]

1. d4 Nf6 2. c4 e6 3. Nf3 d5 4. Nc3 Bb4 5. cxd5 exd5 6. Bg5 h6 7. Bh4 Nbd7 8. e3 c5 9. Be2 Qa5 10. O-O Bxc3 11. bxc3 Ne4 12. c4 Nc3 13. Qd2 Nxe2+ 14. Qxe2 dxc4 15. Qxc4 O-O 16. dxc5 b6 17. c6 Ba6 18. Qd4 Nc5 19. Rfd1 Rac8 20. Ne5 Be2 21. Rdc1 Bb5 22. Be7 Ne6 23. Qb2 Rfe8 24. Bb4 Qa4 25. Qb3 Bxc6 26. Nxc6 Qxc6 27. Rxc6 Rxc6 28. h4 Rec8 29. Rd1 a5 30. Ba3 Nc5 31. Bxc5 bxc5 32. Qc4 Rb6 33. Rd7 Rf6 34. Qd5 h5 35. Rd8+ Rxd8 36.
Qxd8+ Kh7 37. Qc8 Rb6 38. Qxc5 Rb1+ 39. Kh2 g6 40. Qxa5 Rb2 41. Kg3 Kh6 42. a4 Ra2 43. Qa8 Kg7 44. a5 f6 45. a6 g5 46. Qb7+ Kg6 47.
a7 g4 48. a8=Q Rxa8 49. Qxa8 Kf5 50. Qg8 Ke4 51. Qe6+ Kd3 52. Qxf6 Ke2 53. e4 Kf1 54. e5 Kg1 55. e6 Kh1 56. e7 Kg1 57. e8=Q Kh1 58. Qe1# 1-0

[Event "*** Titled Tuesday Blitz"]
[Site "Chess.com"]
[Date "2020.04.21"]
[Round "6"]
[White "yamalchess"]
[Black "kakakz"]
[Result "1-0"]
[WhiteElo "2543"]
[BlackElo "2373"]
[TimeControl "180+1"]
[EndTime "11:09:39 PDT"]
[Termination "yamalchess won on time"]

1. d4 Nf6 2. c4 g6 3. Nc3 Bg7 4. e4 d6 5. h3 O-O 6. Bg5 e5 7. dxe5 dxe5 8. Qxd8 Rxd8 9. Nd5 Nxd5 10.
Bxd8 Nb4 11. O-O-O N8c6 12. a3 Na6 13. Bg5 Nc5 14.
Bd3 a5 15. Ne2 Be6 16. Nc3 Nd4 17. Nd5 Na6 18. Be3 c6 19. Bxd4 exd4 20. Nf4 Bh6 21. g3 Nc5 22. Kb1 a4 23. Nxe6 fxe6 24. e5 g5 25. Bc2 Rd8 26. Bd3 Rf8 27. Rhf1 Rf7 28. f3 Rd7 29. Kc2 Bg7 30. Rfe1 h5 31. f4 h4 32. f5 hxg3 33. fxe6 Nxe6 34. Bf5 Re7 35. Bxe6+ Rxe6 36. Kd3 Bxe5 37. Re4 g2 38. Rg1 Kf7 39. Rxg2 Bf4 40. Rxe6 Kxe6 41. Ke4 c5 42. h4 Kf6 43. hxg5+ Bxg5 44. Rf2+ Ke6 45. Rf5 Be7 46. Rh5 b6 47.
Rh6+ Bf6 48. Rg6 Kf7 49. Kf5 1-0

[Event "*** Titled Tuesday Blitz"]
[Site "Chess.com"]
[Date "2020.04.21"]
[Round "6"]
[White "IsikCan"]
[Black "otrov-11"]
[Result "1-0"]
[WhiteElo "2628"]
[BlackElo "2362"]
[TimeControl "180+1"]
[EndTime "11:09:40 PDT"]
[Termination "IsikCan won on time"]

1. e4 e6 2. d4 d5 3. Nd2 c5 4. exd5 Qxd5 5. Ngf3 cxd4 6. Bc4 Qd6 7. O-O Nf6 8. Nb3 Nc6 9. Nbxd4 Nxd4 10. Nxd4 Qc7 11. Bb3 Bd7 12. Re1 Bc5 13. c3 O-O-O 14. Qe2 e5 15.
Nf3 Bg4 16. Qxe5 Bd6 17. Qg5 h6 18. Qb5 a6 19. Qc4 Bxf3 20. Qxc7+ Bxc7 21. gxf3 Nd5 22. Be3 Nf4 23. Rad1 f6 24. Bd4 Rhe8 25. Bf7 Rxe1+ 26. Rxe1 Be5 27. Be3 Nd3 28. Rb1 Kc7 29. Bg6 Nf4 30.
Be4 g6 31. h4 f5 32. Bc2 Nd5 33. Bxh6 Bf6 34. Bg5 Bxg5 35. hxg5 Nf4 36. Rd1 Rh8 37. Re1 Rh5 38. Re7+ Kc6 39. Rg7 Rxg5+ 40. Kf1 Nh3 41. Ke2 Nf4+ 42. Ke3 Nd5+ 43. Kd2 Rg2 44. Ke2 Nf4+ 45.
Ke3 Nd5+ 46. Kd4 Nf4 47. Ke5 1-0

[Event "*** Titled Tuesday Blitz"]
[Site "Chess.com"]
[Date "2020.04.21"]
[Round "6"]
[White "2165149677570"]
[Black "Milchone1"]
[Result "1/2-1/2"]
[WhiteElo "2333"]
[BlackElo "2484"]
[TimeControl "180+1"]
[EndTime "11:09:40 PDT"]
[Termination "Game drawn - insufficient material"]

1. e4 e5 2. Nf3 Nc6 3. Bb5 Nge7 4. O-O a6 5. Be2 g6 6. c3 Bg7 7.
d4 exd4 8. cxd4 d6 9. Nc3 O-O 10. Bg5 h6 11. Bh4 g5 12. Bg3 Ng6 13. Qd2 Bg4 14.
d5 Bxf3 15. dxc6 Bxe2 16. cxb7 Bxf1 17. bxa8=Q Qxa8 18. Rxf1 Rb8 19. b3 c5 20. Nd5 Rd8 21.
Qa5 Be5 22. Bxe5 Nxe5 23. f4 gxf4 24. Rxf4 Kg7 25. Qc7 Rd7 26. Qa5 Qb7 27. Qc3 Qb5 28. h4 Qd3 29. Qxd3 Nxd3 30. Rg4+ Kf8 31. Nf6 Rb7 32. Rg8+ Ke7 33. Nd5+ Kd7 34. Ra8 Nb4 35. Kf2 Nxa2 36. Rxa6 Nb4 37. Rb6 Rxb6 38. Nxb6+ Kc6 39. Nc4 Nd3+ 40. Ke3 Nc1 41. Nd2 Kb5 42. Kf4 Kb4 43.
g4 Nxb3 44. Nf1 Nd4 45. g5 hxg5+ 46. Kxg5 Nf3+ 47. Kg4 Nxh4 48. Kxh4 c4 49. Kg5 c3 50. Ne3 Kc5 51. Nc2 Kc4 52. Kf5 Kd3 53. Nb4+ Ke3 54. Nd5+ Kd3 55. Nxc3 Kxc3 56. e5 d5 57. Kf6 d4 58. Kxf7 d3 59. e6 d2 60. e7 d1=Q 61.
e8=Q Qh5+ 62. Kf8 Qh8+ 63. Ke7 Qxe8+ 64. Kxe8 1/2-1/2

[Event "*** Titled Tuesday Blitz"]
[Site "Chess.com"]
[Date "2020.04.21"]
[Round "6"]
[White "ViktoriyaTarasova"]
[Black "PetrolulSah"]
[Result "1-0"]
[WhiteElo "2444"]
[BlackElo "2213"]
[TimeControl "180+1"]
[EndTime "11:09:40 PDT"]
[Termination "ViktoriyaTarasova won by resignation"]

1. d4 d5 2. c4 c6 3. Nf3 Nf6 4. Nc3 dxc4 5. a4 Bf5 6. Ne5 e6 7. f3 Bb4 8. Kf2 Nbd7 9. Nxc4 Nb6 10. Ne5 c5 11. e4 Bg6 12. Na2 a5 13. Bb5+ Kf8 14.
Nxb4 cxb4 15. Bg5 h6 16. Be3 Kg8 17. Nxg6 fxg6 18. d5 exd5 19. e5 Nfd7 20. e6 Nf6 21. Qd4 Nc4 22. Bxc4 dxc4 23. Qxc4 Qd5 24. Qxd5 Nxd5 25.
Bd4 Kh7 26. Rhe1 Rhe8 27. g3 Rad8 28. Bc5 b6 29. Bd4 Rd6 30. Re5 Rexe6 31. Rae1 Rxe5 32.
Bxe5 Rc6 33. Re2 b3 34. Bd4 Rc4 35. Be5 Rxa4 36. Rd2 Nf6 37. Rd6 Rc4 38. Rxb6 Rc2+ 39. Kg1 a4 40. Ra6 Rc4 41. Ra7 Kg8 42. Kf2 g5 43. h3 Rc5 44. Bd4 Rc4 45. Be5 Rc5 46.
f4 gxf4 47. gxf4 Nh5 48. Ke3 Rc2 49. Rxa4 Rh2 50. Ke4 Rxh3 51. Ra8+ Kh7 52. Ra7 Kg6 53. f5+ Kh7 54. f6 Rh4+ 55. Kd5 Nxf6+ 56. Bxf6 Rh5+ 57. Ke6 Rc5 58. Rxg7+ Kh8 59. Rc7+ 1-0

[Event "*** Titled Tuesday Blitz"]
[Site "Chess.com"]
[Date "2020.04.21"]
[Round "6"]
[White "CMS13"]
[Black "MichailovM"]
[Result "1/2-1/2"]
[WhiteElo "2131"]
[BlackElo "2285"]
[TimeControl "180+1"]
[EndTime "11:09:40 PDT"]
[Termination "Game drawn - insufficient material"]

1. e4 c5 2. Nc3 Nc6 3. Bb5 g6 4.
Bxc6 dxc6 5. d3 e5 6. f4 exf4 7.
Bxf4 Bg7 8. Nf3 Ne7 9. O-O O-O 10.
Qe1 Bg4 11. Qh4 Bxf3 12. Rxf3 Qd7 13. Bg5 Rae8 14. Re1 Nc8 15. e5 Rxe5 16. Rxe5 Bxe5 17. Ne4 f5 18. Nxc5 Qd4+ 19. Qxd4 Bxd4+ 20. Be3 Bxe3+ 21. Rxe3 Nd6 22. Re7 Rf7 23. Rxf7 Kxf7 24. Kf2 b6 25. Nb3 c5 26. Nd2 Ke6 27. Ke3 Nf7 28. g3 Kd5 29.
Nf3 h6 30. c3 g5 31. a4 Nd6 32.
h4 g4 33. Ne1 c4 34. Ng2 cxd3 35. Nf4+ Kc4 36. Nxd3 Ne4 37. Ne5+ Kb3 38. Kf4 Nd6 39. Nd3 Kc2 40. Nb4+ Kxb2 41. Nc6 a6 42. c4 Kc3 43. a5 bxa5 44. c5 Ne4 45. Nxa5 Nxc5 46.
Kxf5 Kb4 47. Nc6+ Kb5 48. Nd4+ Kc4 49. Nc2 Kd3 50. Nb4+ Kc4 51. Nxa6 Nxa6 52. Kxg4 Kd5 53. Kh5 Ke6 54. Kxh6 Kf7 55. g4 Nc5 56. g5 Ne6 57. g6+ Kg8 58. Kh5 Kg7 59. Kg4 Kxg6 60. h5+ Kh6 61. Kf5 Ng7+ 62. Kg4 Nxh5 1/2-1/2

[Event "*** Titled Tuesday Blitz"]
[Site "Chess.com"]
[Date "2020.04.21"]
[Round "6"]
[White "GHANDEEVAM2003"]
[Black "Azatic"]
[Result "1-0"]
[WhiteElo "2886"]
[BlackElo "2657"]
[TimeControl "180+1"]
[EndTime "11:09:41 PDT"]
[Termination "GHANDEEVAM2003 won by resignation"]

1. e4 c5 2. Nf3 e6 3. d4 cxd4 4. Nxd4 a6 5. Bd3 Qc7 6. O-O Nf6 7. Nc3 Be7 8. f4 d6 9. Qe1 Nbd7 10. Qg3 O-O 11. a4 Re8 12. Kh1 Bf8 13. Bd2 b6 14. Rae1 g6 15. e5 Nh5 16. Qh3 Bb7 17. f5 exf5 18.
exd6 Qxd6 19. Nxf5 Qc6 20. Be4 Qc7 21. Nd5 Qc8 22. Bc3 Rxe4 23. Rxe4 Bxd5 24. Rg4 Ndf6 25. Rg5 Be6 26. g4 Bd5+ 27. Kg1 Bc5+ 28. Bd4 Bxd4+ 29. Nxd4 Qd7 30. Qh4 Ne4 31. gxh5 Nxg5 32. Qxg5 Bc4 33. Rf4 Re8 34. h6 Qd6 35. Qf6 Qxf6 36. Rxf6 Rd8 37.
Rxb6 f5 38. Nc6 Rd1+ 39. Kf2 g5 40. Rb7 Bd5 41. Ne7+ Kf8 42. Nxd5 Rxd5 43. Rxh7 Rd6 44. Ke3 Re6+ 45. Kf3 Kg8 46. Rg7+ Kh8 47. Rxg5 Rxh6 48. Rxf5 Rxh2 49. Rc5 Kg7 50. b3 Kf7 51. Ke4 Ke7 52. Kd3 Kd6 53. Ra5 Rh3+ 54. Kd2 Rh2+ 55. Kc3 Rh1 56.
Rxa6+ Kc5 57. Ra5+ Kc6 58. Rb5 1-0

[Event "*** Titled Tuesday Blitz"]
[Site "Chess.com"]
[Date "2020.04.21"]
[Round "6"]
[White "cholzan"]
[Black "canhhuan"]
[Result "0-1"]
[WhiteElo "2490"]
[BlackElo "2660"]
[TimeControl "180+1"]
[EndTime "11:09:41 PDT"]
[Termination "canhhuan won by checkmate"]

1. d4 Nf6 2. c4 g6 3. Nc3 Bg7 4. e4 O-O 5. Nf3 d6 6. Be2 Bg4 7. O-O Nfd7 8. Be3 c5 9. d5 Na6 10. h3 Bxf3 11. Bxf3 Nc7 12. Be2 a6 13. a4 Re8 14.
Qd2 e6 15. dxe6 Nxe6 16. Qxd6 Nd4 17. Bg4 Ne5 18. Qxc5 Nb3 19. Qd5 Nxa1 20. Rxa1 Qc7 21. c5 Rad8 22. Qb3 Nxg4 23. hxg4 Rd3 24. Qc2 Rxe3 25.
Nd5 Qe5 26. Nxe3 Qxe4 27. Qxe4 Rxe4 28. Rd1 Bxb2 29. Rd7 Bd4 30. Nd5 Re1+ 31. Kh2 Bxf2 32. g5 Kg7 33. Rd8 Bh4 34. Rd7 Bxg5 35. Rxb7 Rc1 36.
Rc7 Rd1 37. Rd7 Rc1 38. Nc7 Bf4+ 39. Kh3 Bxc7 40. Rxc7 Rc4 41. a5 Ra4 42. c6 Rxa5 43. Rd7 Rc5 44. c7 a5 45. g3 a4 46. Rd4 Rxc7 47.
Rxa4 Rc5 48. Ra7 h5 49. Rb7 g5 50. Rb6 f6 51. Rb7+ Kg6 52. Rb8 Rc2 53. Rg8+ Kf5 54.
g4+ hxg4+ 55. Kg3 Rc3+ 56. Kg2 Kf4 57. Ra8 Kf5 58. Ra5+ Kg6 59. Kf2 g3+ 60. Kg2 f5 61. Ra8 Kh5 62. Kh3 g4+ 63. Kg2 Kg5 64. Ra4 Kh4 65.
Ra8 Rc2+ 66. Kg1 f4 67. Rh8+ Kg5 68. Rg8+ Kf5 69. Rg7 Ke5 70. Rxg4 Ke4 71. Rg8 Kf3 72. Rc8 Rxc8 73. Kh1 Rc1# 0-1

[Event "*** Titled Tuesday Blitz"]
[Site "Chess.com"]
[Date "2020.04.21"]
[Round "6"]
[White "GM4life"]
[Black "ShahMatKanal"]
[Result "1-0"]
[WhiteElo "2205"]
[BlackElo "2492"]
[TimeControl "180+1"]
[EndTime "11:09:42 PDT"]
[Termination "GM4life won by resignation"]

1. e4 d5 2. exd5 Qxd5 3. Nc3 Qd6 4. d4 Nf6 5. Nf3 c6 6. Ne5 Nbd7 7. Nc4 Qc7 8. g3 Nb6 9. Bf4 Qd8 10. Ne5 Nbd5 11. Nxd5 Nxd5 12. Qf3 Nxf4 13. Qxf4 Be6 14. Bh3 Qd5 15. Bxe6 Qxe6 16. O-O f6 17. Nd3 Qd6 18. Qe3 O-O-O 19. c3 e5 20. Rad1 exd4 21. cxd4 Be7 22. Nc5 Rhe8 23. Rfe1 f5 24. Qb3 b6 25.
Re6 Qd5 26. Qa4 bxc5 27. Rxc6+ Kb8 28. Qb5+ Ka8 29. Rd3 c4 30. Rc8+ Rxc8 31. Qxd5+ Kb8 32. Re3 Bf6 33. Rxe8 Rxe8 34. Qb5+ Kc7 35. Qxe8 Bxd4 36. Qf7+ Kd6 37. Qxc4 Bb6 38. Qd3+ Ke6 39. Kg2 g6 40. Kf3 h6 41. Qb3+ Kf6 42. Qg8 h5 43. Qf8+ Ke6 44. h4 Bd4 45. Qc8+ Kf6 46. Qc4 Bb6 47. Qa6 Kf7 48.
a4 Kg7 49. a5 Bd4 50. Qb7+ Kh6 51. b4 g5 52. hxg5+ Kxg5 53. b5 h4 54. gxh4+ Kxh4 55. b6 axb6 56. axb6 Kg5 57. Qc6 Bxb6 58. Qxb6 1-0

[Event "*** Titled Tuesday Blitz"]
[Site "Chess.com"]
[Date "2020.04.21"]
[Round "6"]
[White "Olga_Zhuravleva"]
[Black "Kumi29"]
[Result "0-1"]
[WhiteElo "2205"]
[BlackElo "2387"]
[TimeControl "180+1"]
[EndTime "11:09:42 PDT"]
[Termination "Kumi29 won by resignation"]

1. e4 e5 2. Nf3 Nc6 3. Bc4 Nf6 4.
Ng5 Bc5 5. Bxf7+ Ke7 6. Bd5 Qe8 7. c3 d6 8. Bxc6 Qxc6 9. d4 exd4 10. cxd4 Bb4+ 11.
Bd2 Nxe4 12. Bxb4 Nxg5 13. O-O Bh3 14. d5 Qc4 15. Re1+ Kd7 16. Bd2 Qxd5 17. f3 Rhf8 18. Nc3 Qd4+ 19. Be3 Qh4 20. Qa4+ Qxa4 21. Nxa4 Rf5 22. gxh3 Nxf3+ 23. Kg2 Nxe1+ 24. Rxe1 Re8 25. Nc3 Rfe5 26. Kf2 d5 27. Bd2 Rf5+ 28. Kg3 d4 29. Ne4 Rfe5 30. Kf3 Rf8+ 31. Kg3 h6 32. Bf4 Ref5 33.
Bd2 Rf3+ 34. Kg2 b6 35. Ng3 Rf2+ 36. Kg1 Rxd2 37. Re4 c5 38. Rg4 g5 39. Ne4 Rxb2 40. h4 Rxa2 41. hxg5 hxg5 42. Rxg5 Rf4 43. Rg7+ Kc6 44. Rg6+ Kd5 45. Nf6+ Kc4 46. Nd7 Re4 47. Rf6 Re1+ 48. Rf1 Rxf1+ 49. Kxf1 Rxh2 50. Kg1 Rh5 51. Kf2 Rf5+ 52. Ke2 Kd5 53. Nb8 b5 54. Na6 Kc6 55. Nb8+ Kc7 56. Na6+ Kb7 57. Nb4 cxb4 0-1

[Event "*** Titled Tuesday Blitz"]
[Site "Chess.com"]
[Date "2020.04.21"]
[Round "6"]
[White "gena217"]
[Black "Raja3401"]
[Result "1/2-1/2"]
[WhiteElo "2898"]
[BlackElo "2708"]
[TimeControl "180+1"]
[EndTime "11:09:44 PDT"]
[Termination "Game drawn by repetition"]

1. e4 c5 2. Nf3 d6 3. c3 Nf6 4. h3 Nc6 5. Bd3 g6 6. Bc2 Bg7 7. O-O O-O 8. d4 cxd4 9. cxd4 d5 10. e5 Ne4 11. Nc3 Bf5 12. Ne2 f6 13. exf6 Bxf6 14. Nf4 Kh8 15. Be3 Rc8 16. Rc1 Qd6 17. Nd3 Qd8 18.
Ba4 Nd6 19. Bxc6 Rxc6 20. Rxc6 bxc6 21. Nde5 Nc4 22. Nxc4 dxc4 23. Ne5 c5 24. Re1 Qd5 25. Nf3 Rd8 26. Qc1 cxd4 27. Bg5 d3 28. Bxf6+ exf6 29.
Qc3 Qd6 30. Nd2 Qd4 31. Re8+ Kg7 32. Rxd8 Qxd8 33. Qxc4 Qa5 34. b4 Qe5 35. Nf3 Qa1+ 36.
Kh2 Qb2 37. Qc7+ Kg8 38. Qb8+ Kg7 39. Qxa7+ Kg8 40. a3 Be4 41. Qb8+ Kg7 42. Qc7+ Kf8 43. Qd8+ Kf7 44. Qd7+ Kf8 45. Qc8+ Kg7 46. Qc7+ Kf8 47.
Qc5+ Ke8 48. Qe3 f5 49. Nd2 Qxa3 50. Nxe4 fxe4 51. Qxe4+ Kf7 52. Qd5+ Ke7 53. Qe5+ Kd7 54. Qd5+ Kc7 55. Qc5+ Kd7 56. Qd5+ Kc7 57. Qc5+ Kd7 58. Qd5+ 1/2-1/2